 Dungeon Crawl Stone Soup version 0.25.1-2-g60ff931df9 (webtiles) character file.

Game seed: 6938319898598395066

152 DerDa the Magician (level 5, -5/35 HPs)
             Began as a Mummy Ice Elementalist on Aug 20, 2020.
             Slain by a gnoll
             ... wielding a +0 spear
              (11 damage)
             ... on level 3 of the Dungeon.
             The game lasted 00:06:46 (3351 turns).

DerDa the Magician (Mummy Ice Elementalist)         Turns: 3351, Time: 00:06:47

Health: -5/35      AC:  2    Str: 11    XL:     5   Next: 11%
Magic:  0/12       EV: 12    Int: 15    God:
Gold:   170        SH:  0    Dex: 13    Spells: 2/13 levels left

rFire    x . .     SeeInvis .   l - +0 falchion
rCold    + . .     Gourm    .   (no shield)
rNeg     + + +     Faith    .   a - +0 robe
rPois    ∞         Spirit   .   (no helmet)
rElec    .         Reflect  .   (no cloak)
rCorr    .         Harm     .   (no gloves)
MR       .....                  (no boots)
Stlth    ++........             (no amulet)
HPRegen  0.11/turn              (no ring)
MPRegen  0.13/turn              (no ring)

@: no status effects
A: no food or potions, fire vulnerability, cold resistance 1, negative energy
resistance 3, torment resistance, unbreathing
a: no special abilities


You were on level 3 of the Dungeon.
You were not hungry.

You visited 1 branch of the dungeon, and saw 3 of its levels.

You collected 170 gold pieces.

Inventory:

Hand Weapons
 c - a +0 club
 h - a +0 whip
 l - a +0 falchion (weapon)
Missiles
 m - a stone (quivered)
 o - 13 sling bullets
Armour
 a - a +0 robe (worn)
Jewellery
 d - an uncursed ring of protection from fire {unknown}
 g - an uncursed ring of fire {unknown}
Wands
 k - a wand of flame (16)
 n - a wand of enslavement (8)
Scrolls
 b - 3 scrolls of identify {unknown}
 e - a scroll of blinking {unknown}
 f - a scroll of remove curse {unknown}
 i - a scroll of fog {unknown}
 j - 2 scrolls of random uselessness {unknown}
 p - a scroll of teleportation {unknown}
 q - a scroll of magic mapping {unknown}


   Skills:
 - Level 1.5 Dodging
 - Level 1.5 Stealth
 * Level 4.9 Spellcasting
 + Level 0.4 Conjurations
 * Level 4.4 Ice Magic


You had 2 spell levels left.
You knew the following spells:

 Your Spells              Type           Power        Failure   Level  Hunger
a - Freeze                Ice            ###.         2%          1    N/A
b - Frozen Ramparts       Ice            ###...       9%          3    N/A
c - Ozocubu's Armour      Chrm/Ice       ##......     21%         3    N/A
d - Hailstorm             Conj/Ice       ##......     52%         4    N/A

Your spell library contained the following spells:

 Spells                   Type           Power        Failure   Level  Hunger
 Summon Ice Beast         Ice/Summ       ##......     54%         4    N/A

Dungeon Overview and Level Annotations

Branches:
Dungeon (3/15)

Altars:
Fedhas
Qazlal


Innate Abilities, Weirdness & Mutations

You do not eat or drink.
Your flesh is vulnerable to fire.
You are immune to poison.
Your flesh is cold resistant. (rC+)
You are immune to negative energy. (rN+++)
You are immune to unholy pain and torment.
You can survive without breathing.


Message History

Confirm with . or Enter, or press ? or * to list all spells.
Aiming: Freeze (safe; 2% risk of failure)
Press: ? - help, Shift-Dir - straight line, f/p - gnoll
Aim: a gnoll, wielding a +0 spear (heavily wounded)
You freeze the gnoll.
The gnoll is severely wounded.
The gnoll closely misses you.
You riposte.
You closely miss the gnoll.
The gnoll is severely wounded.
Casting: Freeze (safe; 2% risk of failure)
Confirm with . or Enter, or press ? or * to list all spells.
Aiming: Freeze (safe; 2% risk of failure)
Press: ? - help, Shift-Dir - straight line, f/p - gnoll
Aim: a gnoll, wielding a +0 spear (severely wounded)
You freeze the gnoll.
The gnoll is almost dead.
The gnoll barely misses you.
You hit the gnoll but do no damage.
The gnoll is almost dead.
The gnoll hits you with a +0 spear!
You die...

#...#.....# #.#
....####### #.#
####### #?# ###.).#
#.# ......######
#.# #..........#
#.# #.##..#.##.#
#.#
#.##.....#.######g#
#.###.#........)@.#
#.###.#.##.########
#.......##.#
#####......#
######## # #


You could see a gnoll.

Vanquished Creatures
  An orc priest (D:3)
  3 gnolls (D:3)
  An adder (D:3)
  3 worms
  2 leopard geckos
  5 orcs
  2 ball pythons
  8 bats
  2 giant cockroaches
  6 goblins
  8 hobgoblins
  7 jackals
  11 kobolds
  3 frilled lizards (D:1)
  8 rats
70 creatures vanquished.

Notes
Turn   | Place    | Note
-------+----------+-------------------------------------------
     0 | D:1      | DerDa the Mummy Ice Elementalist began the quest for the
                  | Orb.
     0 | D:1      | Reached XP level 1. HP: 13/13 MP: 4/4
   122 | D:1      | Reached XP level 2. HP: 19/19 MP: 0/6
   951 | D:1      | Reached XP level 3. HP: 21/24 MP: 5/8
  1356 | D:2      | Found a stormy altar of Qazlal.
  1453 | D:2      | Found a faded altar of an unknown god.
  1507 | D:2      | Found a blossoming altar of Fedhas.
  1773 | D:2      | Learned a level 3 spell: Frozen Ramparts
  1777 | D:2      | Learned a level 3 spell: Ozocubu's Armour
  2708 | D:3      | Reached XP level 4. HP: 26/30 MP: 7/10
  2948 | D:3      | Learned a level 4 spell: Hailstorm
  3340 | D:3      | Reached XP level 5. HP: 29/35 MP: 7/12
  3351 | D:3      | Slain by a gnoll

Illustrated notes

Levels and vault maps discovered:
D:1:      mrwooster_arrival_statue_2, layout_loops_corners
D:2:      layout_rooms, grunt_qazlal_sundering,
          chequers_ecumenical_altar_simple_redux, solitary_fountain,
          minmay_misc_feat_chi, fedhas_altar_3
D:3:      layout_loops_cross, first_ration, saegor_snake_ambush

Skill      XL: |  1  2  3 |
---------------+----------+-----
Spellcasting   | 3 4 |  4.9
Ice Magic      | 4 |  4.4
Dodging        | |  1.5
Stealth        | |  1.5
Conjurations   | |  0.4

Action                   |  1- 3 |  4- 6 || total
-------------------------+-------+-------++-------
Melee: Unarmed           |     2 |       ||     2
       Club              |     3 |       ||     3
       Whip              |     6 |       ||     6
       Falchion          |       |     3 ||     3
 Cast: Freeze            |    77 |    26 ||   103
       Frozen Ramparts   |     1 |     4 ||     5
Armor: Robe              |    14 |     3 ||    17
Dodge: Dodged            |    47 |    14 ||    61
       Rpst.: Falchion   |       |     2 ||     2
